 Dungeon Crawl Stone Soup version 0.28-a0-643-g84cb2ea78e (webtiles) character file.

Game seed: 12397446410683192818

406 bande the Chopper (level 6, -10/39 HPs)
             Began as a Gargoyle Fighter on Oct 10, 2021.
             Killed from afar by Pikel (38 damage)
             ... with a bolt of acid
             ... on level 4 of the Dungeon.
             The game lasted 00:06:23 (3671 turns).

bande the Chopper (Gargoyle Fighter)                Turns: 3671, Time: 00:06:23

Health: -10/39     AC: 15    Str: 21    XL:     6   Next: 87%
Magic:  6/6        EV:  7    Int:  8    God:
Gold:   142        SH:  4    Dex: 10    Spells: 5/5 levels left

rFire   . . .      SeeInvis .   a - +1 war axe
rCold   . . .      Faith    .   c - +0 buckler
rNeg    + . .      Spirit   .   m - +0 chain mail
rPois   ∞          Reflect  .   k - +0 helmet
rElec   +          Harm     .   (no cloak)
rCorr   .          Rampage  .   (no gloves)
Will    .....                   (no boots)
Stlth   ..........              (no amulet)
HPRegen 0.13/turn               (no ring)
MPRegen 0.10/turn               (no ring)

@: no status effects
A: sickness immunity, AC +4, negative energy resistance 1, electricity
resistance, torment resistance 1, petrification resistance
a: no special abilities


You were on level 4 of the Dungeon.
You visited 1 branch of the dungeon, and saw 4 of its levels.
You also visited: Sewer.

You collected 142 gold pieces.

Inventory:

Hand Weapons
 a - a +1 war axe (weapon)
Armour
 c - a +0 buckler (worn)
 k - a +0 helmet (worn)
 m - a +0 chain mail (worn)
Jewellery
 b - a ring of ice
 g - a ring of ice
 h - an amulet of guardian spirit
Scrolls
 l - a scroll of teleportation
 r - a scroll of summoning
Potions
 d - 2 potions of might
 f - 3 potions of curing
 i - a potion of heal wounds {unknown}
 j - a potion of mutation {unknown}
 n - a potion of berserk rage {unknown}
 o - a potion of cancellation {unknown}
 p - a potion of degeneration {unknown}


   Skills:
 + Level 4.5 Fighting
 + Level 4.7 Axes
 + Level 4.5 Armour
 - Level 1.1 Stealth
 + Level 4.1 Shields


You had 5 spell levels left.
You didn't know any spells.
Your spell library contained the following spells:

 Spells                   Type           Power      Damage    Failure   Level
 Frozen Ramparts          Ice            0%         1d2       100%        3
 Ice Form                 Ice/Tmut       0%         N/A       100%        4
 Summon Ice Beast         Ice/Summ       0%         N/A       100%        4


Dungeon Overview and Level Annotations

Branches:
Dungeon (4/15)              Sewer (visited)
 Temple: D:4-7

Altars:
Dithmenos
Gozag
Uskayaw

Annotations:
D:4 2 transporters, AttackTheMoon's ghost, amateur DsNe; Pikel


Innate Abilities, Weirdness & Mutations

You are immune to sickness and miasma.
Your stone body is resilient. (AC +4)
You are immune to poison.
You resist negative energy. (rN+)
You are resistant to electric shocks. (rElec)
You are resistant to unholy torment.
You are immune to petrification.


Message History

Found a transporter.
No reachable target in view!
The quasit gives a chilling moan.
Found a stone staircase leading down.
There is a stone staircase leading down here.
A kobold, 3 lemures and Pikel come into view.
Pikel is wielding a +0 whip of freezing and carrying a wand of acid (7).
Pikel shouts!
The lemure shouts! x3; You hear a shout!
The kobold throws a stone.
The stone hits you but does no damage.
A lemure comes into view.
The lemure hits you but does no damage.
The kobold throws a stone.
You block the stone.
You slash the lemure!
The lemure is heavily wounded.
The lemure hits you.
You slash the lemure!
The lemure is almost dead.
The lemure hits you but does no damage.
You closely miss the lemure.
The lemure is almost dead.
The lemure hits you. The lemure hits you but does no damage.
You slash the lemure!
You kill the lemure!
That felt strangely unrewarding.
You hit the kobold.
You kill the kobold!
Pikel drinks a potion.
Pikel seems to grow stronger.
Pikel hits you but does no damage.
You hit Pikel.
Pikel is lightly wounded.
Pikel hits you but does no damage. x2
You hit Pikel but do no damage.
Pikel is lightly wounded.
Pikel hits you with a +0 whip of freezing.
Pikel freezes you.
You slash Pikel!
Pikel is moderately wounded.
Pikel zaps a wand.
The bolt of acid hits you!!!
Ouch! That really hurt!
You die...

### #.. .# #.# .#
#######.######### .#
........).@K555...
.#####..######.#########
.#..... #.# .....# # #.#
.#.#.##.# #.# ........#
#># .#.#[#### #.#
..###.# #####.# .#.#.##
##.....#


You could see Pikel (strong) and 3 lemures.

Vanquished Creatures
  Purgy (Sewer)
  A lemure (D:4)
  A scorpion (D:3)
  Terence (D:3)
  Robin (D:2)
  10 adders
  3 river rats (D:3)
  A worm (D:3)
  2 dart slugs
  An orc (D:3)
  4 ball pythons
  7 bats
  9 endoplasms
  9 giant cockroaches
  9 hobgoblins
  9 kobolds
  4 quokkas
  3 frilled lizards
  13 goblins
  7 rats
96 creatures vanquished.

Notes
Turn   | Place    | Note
-------+----------+-------------------------------------------
     0 | D:1      | bande the Gargoyle Fighter began the quest for the Orb.
     0 | D:1      | Reached XP level 1. HP: 14/14 MP: 1/1
   245 | D:1      | Reached XP level 2. HP: 6/19 MP: 2/2
   567 | D:1      | Reached XP level 3. HP: 22/23 MP: 3/3
  1223 | D:2      | Reached skill level 1 in Stealth
  1343 | D:2      | Reached XP level 4. HP: 29/29 MP: 4/4
  1502 | D:2      | Noticed Robin
  1518 | D:2      | Killed Robin
  2008 | D:2      | Found a faded altar of an unknown god.
  2037 | D:2      | Reached XP level 5. HP: 33/33 MP: 5/5
  2246 | D:3      | Found a shadowy altar of Dithmenos.
  2357 | D:3      | Found an opulent altar of Gozag.
  2497 | D:3      | Found a glowing drain.
  2517 | D:3      | Reached XP level 6. HP: 24/38 MP: 6/6
  2532 | Sewer    | Entered a sewer
  2657 | Sewer    | Noticed Purgy
  2666 | Sewer    | Killed Purgy
  3082 | D:3      | Noticed Terence
  3090 | D:3      | Killed Terence
  3478 | D:4      | Noticed AttackTheMoon's ghost (amateur DsNe)
  3488 | D:4      | Found a hide-covered altar of Uskayaw.
  3629 | D:4      | Found a transporter.
  3636 | D:4      | Found a transporter.
  3661 | D:4      | Noticed Pikel
  3671 | D:4      | Killed from afar by Pikel

Illustrated notes

Levels and vault maps discovered:
D:1:      onia_arrival_pyramid, layout_basic
D:2:      layout_basic, shapermc_ecumenical_altar_notcrosses,
          minmay_split_cup_small, uniq_robin
D:3:      cheibrodos_helix_gallery, layout_rooms, overflow_temple_1_default,
          mainiacjoe_overflow_chevrons, portal_sewer_entry_a, uniq_terence
D:4:      layout_loops_ring, mainiacjoe_overflow_cross_hatched,
          gammafunk_ghost_stat_death, kennysheep_flooded_box,
          grunt_ministairs_3, glass_columns_b, uniq_pikel

Skill      XL: |  1  2  3  4  5  6 |
---------------+-------------------+-----
Axes           | 2 3 4 |  4.7
Stealth        | 1 |  1.1
Armour         | 4 |  4.5
Fighting       | 4 |  4.5
Shields        | 4 |  4.1

Action                   |  1- 3 |  4- 6 || total
-------------------------+-------+-------++-------
Melee: War axe           |    80 |   179 ||   259
  Use: Scroll            |     6 |     5 ||    11
Armor: Scale mail        |    43 |    37 ||    80
       Chain mail        |       |   111 ||   111
Dodge: Dodged            |    47 |    83 ||   130
Block: Buckler           |    16 |    40 ||    56

Table legend: (Time is in decaauts)
 A = Elapsed time spent in this place.
 B = Non-inter-level travel time spent in this place.
 C = Inter-level travel time spent in this place.
 D = Time resting spent in this place.
 E = Time spent auto-exploring this place.
 F = Levels seen in this place.
 G = Mean time per level.
                   A        B        C        D        E       F      G
               +--------+--------+--------+--------+--------+-----+--------+
         Total |   3769 |   3554 |    215 |    617 |   2136 |   5 |  753.8 |
       Dungeon |   3327 |   3112 |    215 |    337 |   2033 |   4 |  831.8 |
         Sewer |    442 |    442 |      0 |    280 |    103 |   1 |  442.0 |
               +--------+--------+--------+--------+--------+-----+--------+

Top non-repeatable levels by time:
     D:2: 1276 daAuts
     D:1: 1003 daAuts
     D:3: 828 daAuts
   Sewer: 442 daAuts
     D:4: 220 daAuts
